 Dungeon Crawl Stone Soup version 0.20-a0-945-g3bf614a (webtiles) character file.

30 Rrauwl the Skirmisher (level 3, 0/29 HPs)
             Began as a Barachi Warper on Apr 2, 2017.
             Slain by an adder (4 damage)
             ... on level 2 of the Dungeon.
             The game lasted 00:03:09 (866 turns).

Rrauwl the Skirmisher (Barachi Warper)               Turns: 866, Time: 00:03:10

Health: 0/29       AC: 10    Str: 13    XL:     3   Next: 20%
Magic:  6/6        EV:  6    Int: 13    God:
Gold:   128        SH:  0    Dex: 11    Spells: 6/6 levels left

rFire    . . .     SeeInvis +   a - +0 falchion
rCold    . . .     Gourm    +   (no shield)
rNeg     . . .     Faith    .   v - +0 chain mail
rPois    .         Spirit   .   (no helmet)
rElec    .         Reflect  .   p - +0 cloak
rCorr    .         Harm     .   s - +0 pair of gloves
MR       .....                  (no boots)
Stlth    ..........             j - amulet of the gourmand
Regen    0.1/turn               n - ring of see invisible
MPRegen  0.1/turn               (no ring)

@: lethally poisoned (0 -> -10), slow
A: +LOS, swims, slowness 1, strong legs 1
a: Hop


You were on level 2 of the Dungeon.
You were not hungry.

You visited 1 branch of the dungeon, and saw 2 of its levels.

You collected 128 gold pieces.

Inventory:

Hand Weapons
 a - a +0 falchion (weapon)
Missiles
 q - 16 arrows
 u - 5 tomahawks of returning (quivered)
Armour
 p - a +0 cloak (worn)
 s - a +0 pair of gloves (worn)
 v - a +0 chain mail (worn)
Jewellery
 j - an amulet of the gourmand (around neck)
 n - a ring of see invisible (left hand)
Scrolls
 d - a scroll of blinking
 l - 2 scrolls of remove curse {unknown}
 m - 2 scrolls of teleportation {unknown}
Potions
 g - a potion of brilliance {unknown}
 i - 2 potions of curing {unknown}
 k - a potion of invisibility {unknown}
 o - 2 potions of haste {unknown}
 r - a potion of heal wounds {unknown}
 t - a potion of agility {unknown}
Books
 c - a book of Spatial Translocations

   Spells                             Type                      Level
   a - Blink                          Translocation                2
   b - Shroud of Golubria             Charms/Translocation         2
   c - Lesser Beckoning               Translocation                3
   d - Gell's Gravitas                Translocation                3
   e - Teleport Other                 Translocation                3
   f - Passage of Golubria            Translocation                4
Comestibles
 f - 3 bread rations
 h - a fruit


   Skills:
 + Level 3.4 Fighting
 + Level 3.1 Long Blades
 - Level 1.0 Throwing
 + Level 2.0 Armour
 - Level 2.1 Dodging
 - Level 2.1 Spellcasting
   Level 3.2 Translocations


You had 6 spell levels left.
You didn't know any spells.

Dungeon Overview and Level Annotations

Branches:
Dungeon (2/15)

Altars:


Innate Abilities, Weirdness & Mutations

Shadows flee at your approach. (+LOS)
You can swim through water.
You cover ground slowly.
You can hop short distances.


Message History

You throw a tomahawk of dispersal.
The tomahawk of dispersal barely misses the adder.
* * * LOW HITPOINT WARNING * * *
You feel sick.
The frilled lizard bites you but does no damage.
The adder bites you but does no damage.
Throwing (i - inventory):
u - 6 tomahawks of returning (quivered)
Press: ? - help, Shift-Dir - straight line, f/p - adder
Aim: an adder (almost dead)
You throw a tomahawk of returning.
The tomahawk of returning hits the adder but does no damage.
The adder is almost dead.
The tomahawk of returning fails to return to your pack!
The adder bites you.
* * * LOW HITPOINT WARNING * * *
You are more poisoned.
The adder poisons you!
The frilled lizard bites you but does no damage.
The adder bites you.
You die...

#......#..........#..
#....................
#########....................
#............[.)..........###
###..####......#.........####
##..# #......#....#.>....##
##.# #......#.####.####..#
#.# #...S.........## ##..
####.# #...@...#......# ###
.##.....####l##..#......# #
......<..##.g##..#......## #
............####.........#
........##..# #...##.#..#
.......?....#.........#...#
.........##...........#.#.#
..#....#...............#.#.#
. #..#### ..#..........# # ..


You could see an adder, a goblin and a frilled lizard.

Vanquished Creatures
  An adder (D:2)
  A leopard gecko (D:2)
  A giant cockroach (D:1)
  5 hobgoblins
  A ball python (D:2)
  5 bats (D:1)
  A frilled lizard (D:2)
  3 goblins (D:1)
  A rat (D:2)
19 creatures vanquished.

Notes
Turn   | Place    | Note
-------+----------+-------------------------------------------
     0 | D:1      | Rrauwl the Barachi Warper began the quest for the Orb.
     0 | D:1      | Reached XP level 1. HP: 17/17 MP: 3/3
   112 | D:1      | Reached XP level 2. HP: 21/23 MP: 5/5
   609 | D:2      | Reached XP level 3. HP: 27/29 MP: 6/6
   866 | D:2      | Slain by an adder

Vault maps used:
D:1:      zelgadis_glass_arrival_small
D:2:      lemuel_coloured_pillars_altar, hangedman_decor_growths

Skill      XL: |  1  2  3 |
---------------+----------+-----
Fighting       | 3 |  3.4
Long Blades    | 3 |  3.1
Armour         | 2 |  2.0
Throwing       | |  1.0
Dodging        | |  2.1
Spellcasting   | |  2.1
Translocations | |  3.2

Action                   || total
-------------------------++-------
Melee: Falchion          ||    68
Throw: Tomahawk          ||     6
  Eat: Chunk             ||     1
Armor: Leather armour    ||    22
       Chain mail        ||    23
Dodge: Dodged            ||    51
       Rpst.: Falchion   ||    21
